 Dungeon Crawl Stone Soup version 0.26-a0-540-g8a0c9464d7 (webtiles) character file.

Game seed: 9958957122004302068

90 Inarius the Chopper (level 4, -2/34 HPs)
             Began as a Mummy Wanderer on Aug 24, 2020.
             Slain by a worker ant (4 damage)
             ... on level 3 of the Dungeon.
             The game lasted 00:02:17 (3104 turns).

Inarius the Chopper (Mummy Wanderer)                Turns: 3104, Time: 00:02:18

Health: -2/34      AC:  3    Str: 15    XL:     4   Next: 32%
Magic:  8/8        EV: 10    Int: 10    God:
Gold:   110        SH:  3    Dex: 13    Spells: 8/8 levels left

rFire    x . .     SeeInvis .   a - +2 hand axe
rCold    + . .     Faith    .   c - +0 buckler
rNeg     + + +     Spirit   .   b - +0 leather armour
rPois    ∞         Reflect  .   (no helmet)
rElec    .         Harm     .   (no cloak)
rCorr    .                      (no gloves)
MR       .....                  (no boots)
Stlth    +.........             (no amulet)
HPRegen  0.11/turn              (no ring)
MPRegen  0.11/turn              (no ring)

@: no status effects
A: no potions, fire vulnerability, cold resistance 1, negative energy resistance
3, torment resistance, unbreathing
a: no special abilities


You were on level 3 of the Dungeon.
You visited 1 branch of the dungeon, and saw 4 of its levels.

You collected 110 gold pieces.

Inventory:

Hand Weapons
 a - a +2 hand axe (weapon)
Armour
 b - a +0 leather armour (worn)
 c - a +0 buckler (worn)
Scrolls
 d - a scroll of random uselessness {unknown}
 e - 4 scrolls of remove curse {unknown}
 f - 3 scrolls of enchant weapon {unknown}
 g - a scroll of fear {unknown}
 h - a scroll of enchant armour {unknown}
 i - 3 scrolls of teleportation {unknown}
 j - a scroll of magic mapping {unknown}
 k - 2 scrolls of identify {unknown}
 l - a scroll of immolation {unknown}


   Skills:
 + Level 2.5 Fighting
 * Level 3.2 Axes
 - Level 1.0 Throwing
 + Level 1.3 Armour
 + Level 0.3 Dodging
 - Level 1.0 Stealth
 + Level 0.3 Shields
 - Level 2.6 Spellcasting
   Level 1.0 Poison Magic


You had 8 spell levels left.
You didn't know any spells.
Your spell library contained the following spells:

 Spells                   Type           Power        Failure   Level
 Sting                    Tmut/Pois      #...         43%         1
 Summon Small Mammal      Summ           #...         50%         1
 Ignite Poison            Fire/Tmut/Pois #.......     83%         3
 Call Canine Familiar     Summ           #.......     86%         3


Dungeon Overview and Level Annotations

Branches:
Dungeon (4/15)
 Temple: D:4-7

Altars:
Ru
Zin
The Shining One


Innate Abilities, Weirdness & Mutations

You do not drink.
Your flesh is vulnerable to fire.
You are immune to poison.
Your flesh is cold resistant. (rC+)
You are immune to negative energy. (rN+++)
You are immune to unholy pain and torment.
You can survive without breathing.


Message History

The worker ant is lightly wounded.
You block the worker ant's attack.
You hit the worker ant.
The worker ant is heavily wounded.
The worker ant closely misses you.
You hit the worker ant.
The worker ant is heavily wounded.
You block the worker ant's attack. The worker ant barely misses you.
You barely miss the worker ant.
The worker ant is heavily wounded.
The worker ant bites you.
* * * LOW HITPOINT WARNING * * *
You barely miss the worker ant.
The worker ant is heavily wounded.
The worker ant bites you but does no damage.
The worker ant barely misses you.
You hit the worker ant but do no damage.
The worker ant is heavily wounded.
The worker ant bites you.
You die...

................#...# #..#>#
#.##................# #..#.#
#.###...............#####..#'####
#....###########........#........
####.# #....###.#........ ####.#
#....# #.#........ .....# #....#
#.#.#...... ###### #a...#
#.#.#...... # #@#### #.#.#......
# #.# #.#........ ######### #.#
#.##....... ........########.#
#(##.......
...............#.######.##.#.####
..^.....######.#........##.#.#
........# #.###########.#.#
........# #.#..†....# #.#.####
........# #.#..)..#.# #.#.....


You could see a worker ant.

Vanquished Creatures
  4 adders
  3 dart slugs
  A leopard gecko (D:2)
  4 giant cockroaches
  5 goblins
  3 hobgoblins
  4 jackals
  8 kobolds
  A quokka (D:3)
  6 bats
  5 frilled lizards
  2 rats
46 creatures vanquished.

Notes
Turn   | Place    | Note
-------+----------+-------------------------------------------
     0 | D:1      | Inarius the Mummy Wanderer began the quest for the Orb.
     0 | D:1      | Inarius set off with the following items: a +2 hand axe, a
                  | +0 robe; and the following spells available to memorise:
                  | Sting, Summon Small Mammal, Ignite Poison, Call Canine
                  | Familiar
     0 | D:1      | Reached XP level 1. HP: 16/16 MP: 4/4
   204 | D:1      | Reached skill level 2 in Axes
   291 | D:1      | Reached XP level 2. HP: 17/22 MP: 5/5
  1398 | D:2      | Reached XP level 3. HP: 28/28 MP: 7/7
  1989 | D:2      | Reached skill level 3 in Axes
  2164 | D:2      | Reached XP level 4. HP: 23/34 MP: 8/8
  2602 | D:3      | Found a glowing silver altar of Zin.
  2603 | D:3      | Found a glowing golden altar of the Shining One.
  2861 | D:3      | Found a sacrificial altar of Ru.
  3029 | D:4      | Noticed a centaur
  3102 | D:3      | HP: 1/34 [worker ant (1)]
  3104 | D:3      | Slain by a worker ant

Illustrated notes

Levels and vault maps discovered:
D:1:      minmay_arrival_split_and_join, layout_basic
D:2:      cheibrodos_old_hovel, layout_loops_ring, skrybe_limestone_x
D:3:      layout_basic, gammafunk_temple_overflow_statue,
          nicolae_ru_path_of_blood
D:4:      layout_cave_pools, ashenzari_altar_1, minmay_temple_entry_fiery,
          serial_bayou_pond_a, fedhas_bush_and_centaur_altar

Skill      XL: |  1  2  3 |
---------------+----------+-----
Axes           | 2 3 |  3.2
Fighting       | |  2.5
Throwing       | |  1.0
Armour         | |  1.3
Dodging        | |  0.3
Stealth        | |  1.0
Shields        | |  0.3
Spellcasting   | |  2.6
Poison Magic   | |  1.0

Action                   |  1- 3 |  4- 6 || total
-------------------------+-------+-------++-------
Melee: Hand axe          |   112 |    34 ||   146
 Stab: Sleeping          |     1 |     1 ||     2
Armor: Leather armour    |    35 |    11 ||    46
       Robe              |     1 |       ||     1
Dodge: Dodged            |    69 |    18 ||    87
Block: Buckler           |    19 |     7 ||    26

Table legend: (Time is in decaauts)
 A = Elapsed time spent in this place.
 B = Non-inter-level travel time spent in this place.
 C = Inter-level travel time spent in this place.
 D = Time resting spent in this place.
 E = Time spent auto-exploring this place.
 F = Levels seen in this place.
 G = Mean time per level.
                   A        B        C        D        E       F      G
               +--------+--------+--------+--------+--------+-----+--------+
         Total |   3136 |   3044 |     92 |    440 |   2199 |   4 |  784.0 |
       Dungeon |   3136 |   3044 |     92 |    440 |   2199 |   4 |  784.0 |
               +--------+--------+--------+--------+--------+-----+--------+

Top non-repeatable levels by time:
     D:1: 1192 daAuts
     D:2: 1155 daAuts
     D:3: 777 daAuts
     D:4: 11 daAuts
